 Dungeon Crawl Stone Soup version 0.17-a0-2122-g03d97ec (webtiles) character file.

42 Duffy the Chopper (level 3, 0/29 HPs)
             Began as a Formicid Berserker on Oct 21, 2015.
             Was a Believer of Trog.
             Slain by an adder (3 damage)
             ... on level 2 of the Dungeon.
             The game lasted 00:01:46 (1528 turns).

Duffy the Chopper (Formicid Berserker)              Turns: 1528, Time: 00:01:47

Health: 0/29       AC:  3    Str: 21    XL:     3   Next: 80%
Magic:  3/3        EV: 12    Int:  6    God:    Trog [**....]
Gold:   45         SH:  0    Dex: 11    Spells: 0 memorised, 2 levels left

rFire  . . .     SeeInvis +     a - +0 hand axe
rCold  . . .     Clarity  .     b - +0 animal skin
rNeg   . . .     SustAt   .     (no shield)
rPois  .         Gourm    .     (helmet unavailable)
rElec  .         Spirit   .     (no cloak)
rCorr  .         Warding  .     d - +0 pair of gloves
rMut   .         Stasis   +     (no boots)
MR     .....                    (no amulet)
Stlth  +.........               (no ring)
                                (no ring)

@: not resistant to hostile enchantments, very unstealthy
A: permanent stasis, dig shafts and tunnels, four strong arms, antennae 3
a: Dig, Shaft Self, Trog's Hand, Burn Spellbooks, Renounce Religion


You were on level 2 of the Dungeon.
You worshipped Trog.
Trog was pleased with you.
You were not hungry.

You visited 1 branch of the dungeon, and saw 2 of its levels.

You collected 45 gold pieces.


Innate Abilities, Weirdness & Mutations

You are under a permanent stasis effect.
You can dig through walls and to a lower floor.
Your four strong arms can wield two-handed weapons with a shield.
You have a pair of large antennae on your head (SInv).


   Skills:
 - Level 3.2 Fighting
 + Level 4.4 Axes
 - Level 2.1 Armour
 - Level 1.7 Dodging


You had 2 spell levels left.
You didn't know any spells.

Inventory:

Hand Weapons
 a - a +0 hand axe (weapon)
Missiles
 f - 20 poisoned needles
 j - 45 stones (quivered)
 p - 13 arrows
Armour
 b - a +0 animal skin (worn)
 d - a +0 pair of gloves (worn)
Scrolls
 e - a scroll of magic mapping {unknown}
 g - 2 scrolls of identify {unknown}
Potions
 h - a potion of flight {unknown}
 k - a potion of brilliance {unknown}
 m - a potion of might {unknown}
 n - 2 potions of curing {unknown}
Books
 l - a book of Spatial Translocations
Comestibles
 c - 3 bread rations
 i - 4 fruits
 o - a meat ration
 q - a chunk of flesh

Dungeon Overview and Level Annotations

Branches:
Dungeon (2/15)

Altars:

Annotations:
D:2 1 exclusion


Message History

The hobgoblin is lightly wounded.
The adder misses you. The hobgoblin hits you with a club.
You closely miss the adder.
The adder is severely wounded.
You hit the hobgoblin.
The hobgoblin is heavily wounded.
The adder barely misses you. The hobgoblin barely misses you.
The adder bites you.
You hit the adder.
The adder is severely wounded.
You hit the hobgoblin but do no damage.
The hobgoblin is heavily wounded.
The adder bites you. The hobgoblin barely misses you.
You hit the adder.
The adder is almost dead.
You hit the hobgoblin but do no damage.
The hobgoblin is heavily wounded.
The adder misses you. The hobgoblin barely misses you.
You closely miss the adder.
The adder is almost dead.
You barely miss the hobgoblin.
The hobgoblin is heavily wounded.
The adder barely misses you. The hobgoblin barely misses you.
The adder bites you.
You hit the adder but do no damage.
The adder is almost dead.
You hit the hobgoblin.
The hobgoblin is severely wounded.
The adder misses you. The hobgoblin closely misses you.
You barely miss the adder.
The adder is almost dead.
You closely miss the hobgoblin.
The hobgoblin is severely wounded.
The adder bites you.
You die...

######.........
...................
#...######.........
#...# ##.........
##...## #..........
####.....##
#..).......
.........#
#.......... #..Sg.#
#.#........ #.@.#
###.##<...... #...#
#...########. #...#
#..## #.... ##.##
##.######.### ##.#
#....##..# #†.#
####....## #.##
##....# #..# ##.#.#
##..## #.#.#


You could see an adder and a hobgoblin.

Action                   || total
-------------------------++-------
Melee: Hand axe          ||   109
 Stab: Sleeping          ||     3
  Eat: Chunk             ||     2

Notes
Turn   | Place    | Note
--------------------------------------------------------------
     0 | D:1      | Duffy the Formicid Berserker began the quest for the Orb.
     0 | D:1      | Reached XP level 1. HP: 18/18 MP: 1/1
   227 | D:1      | Reached XP level 2. HP: 24/24 MP: 2/2
   918 | D:1      | Reached skill level 4 in Axes
   918 | D:1      | Reached XP level 3. HP: 29/29 MP: 3/3
   925 | D:1      | Reached ** piety under Trog
  1528 | D:2      | Slain by an adder

Vault maps used:
D:1:      dpeg_arrival_chambers_temple_mockup, hangedman_feature_mirror
D:2:      ashenzari_conservatory_becter, first_bread, uniq_crazy_yiuf_cottage,
          uniq_iyjb

Vanquished Creatures
  An adder
  A giant cockroach
  3 hobgoblins
  3 jackals
  7 kobolds
  2 quokkas
  A ball python
  A bat
  A giant newt
  7 goblins
  5 rats
32 creatures vanquished.
